AoeStats
← сербский

Pilgrims

509259589Analyzed
4v4 RM · 8d ago on Sep 26, 2026· 31m 11s· 8 players
Game mode
Random Map
Map size
Large (8 player)
Population
200
Speed
Normal
Resources
Standard
Victory
Conquest
Starting age
Dark Age
Ending age
Imperial Age
RankedLock teamsTeams togetherTeam positionsShared explorationLock speedFull tech treeHidden civsTurbo modeCheats
Victory
Defeat
🇨🇱 Slavs · Chile
950
+15
🇺🇾 Hindustanis · Uruguay
949
+29
🇺🇸 Japanese · United States
948
+15
🇺🇸 Danes · United States
919
+17
🇨🇱 Khmer · Chile
1005
-18
🇲🇽 Teutons · Mexico
935
-16
🇨🇴 Romans · Colombia
898
-14
🇨🇱 Magyars · Chile
886
-14
Zakur
10:55 Loom
12:41 Feudal Age
16:46 Castle Age
19:45 Husbandry
25:00 Scale Barding Armor
27:17 Bloodlines
wowmiqui
7:30 Loom
12:04 Feudal Age
17:34 Bloodlines
22:21 Double-Bit Axe
27:00 Castle Age
26:29 Horse Collar
28:07 Wheelbarrow
27:59 Scale Mail Armor
27:56 Pikeman
29:16 Husbandry
eljeringas
11:41 Feudal Age
9:57 Loom
10:02 Loom
14:49 Stone Mining
15:46 Fletching
15:57 Padded Archer Armor
15:35 Man-at-Arms
16:08 Fishing Lines
16:22 Gold Mining
17:47 Forging
25:10 Castle Age
DgoUSA
11:38 Loom
13:43 Feudal Age
19:56 Castle Age
18:52 Double-Bit Axe
23:07 Man-at-Arms
23:54 Scale Mail Armor
24:05 Forging
24:36 Bow Saw
24:56 Long Swordsman
Pocho32
13:58 Feudal Age
14:32 Man-at-Arms
15:13 Loom
15:53 Arson
18:11 Double-Bit Axe
27:57 Fishing Lines
30:27 Castle Age
31:37 Bow Saw
31:28 Gillnets
сербский
13:20 Feudal Age
16:03 Double-Bit Axe
16:03 Horse Collar
17:23 Bloodlines
18:50 Forging
21:29 Castle Age
21:36 Light Cavalry
22:33 Husbandry
23:40 Gold Mining
24:10 Medium Warships
23:57 Fletching
28:03 Iron Casting
27:18 Fishing Lines
30:03 Stone Mining
Mr Ben Wayde
12:28 Feudal Age
16:46 Castle Age
16:25 Loom
17:03 Stone Mining
17:21 Double-Bit Axe
20:03 Horse Collar
21:41 Fletching
22:05 Forging
22:58 Scale Mail Armor
26:53 Fishing Lines
27:59 Wheelbarrow
27:26 Heavy Plow
27:40 Bow Saw
Wangdangdoodle
12:42 Feudal Age
17:22 Castle Age
16:33 Loom
18:08 Fletching
19:53 Bodkin Arrow
21:06 Forging
22:23 Scale Mail Armor
25:17 Iron Casting
24:57 Chain Mail Armor
31:56 Chain Mail Armor
Connection lost

Rejoining the realm…

Still unreachable

The connection could not be restored.

Session expired

The server has moved on; the page needs a fresh start.